 Dungeon Crawl Stone Soup version 0.25.1-2-g60ff931df9 (webtiles) character file.

Game seed: 1560739998296994608

395672 jjjjhere the Brawler (level 23, 0/207 HPs)
             Began as a Ghoul Wanderer on Oct 2, 2020.
             Was the Champion of Ru.
             Hit by a large rock thrown by a stone giant (31 damage)
             ... on level 3 of the Depths on Nov 13, 2020.
             The game lasted 01:55:44 (63344 turns).

jjjjhere the Brawler (Ghoul Wanderer)              Turns: 63344, Time: 01:55:45

Health: 0/207      AC: 18    Str: 20    XL:     23   Next: 19%
Magic:  19/27      EV: 10    Int:  8    God:    Ru [******]
Gold:   4901       SH: 28    Dex: 13    Spells: 28/29 levels left

rFire    + . .     SeeInvis +     - Unarmed
rCold    + + .     Gourm    .   s - +2 tower shield
rNeg     + + +     Faith    .   p - +2 plate armour {rC+}
rPois    ∞         Spirit   .   K - +0 mask of the Dragon {MR+ Slay+3 SInv}
rElec    +         Reflect  +   Y - scarf {repulsion}
rCorr    .         Harm     .   (no gloves)
MR       +++..                  S - +0 pair of boots {Stlth+}
Stlth    ..........             N - amulet "Wuovafen" {Reflect rElec rF+ SH+5}
HPRegen  0.00/turn              r - +4 ring of evasion
MPRegen  0.20/turn              b - ring of protection from magic

@: exhausted, rotting, studying Fighting, heavily drained, repel missiles
A: rotting body, claws 1, carnivore, cold resistance 1, negative energy
resistance 3, screaming 1, inhibited regeneration, torment resistance,
unbreathing, inability to use devices, hated by all, no charms magic, no fire
magic, no transmutations magic, disrupted magic 1, unskilled 1
}: 2/15 runes: decaying, serpentine
a: Draw Out Power, Power Leap, Apocalypse, Renounce Religion


You were on level 3 of the Depths.
You worshipped Ru.
Ru was exalted by your worship.
You were not hungry.

You visited 7 branches of the dungeon, and saw 39 of its levels.
You also visited: Bailey and Gauntlet.

You collected 8612 gold pieces.
You spent 3711 gold pieces at shops.

Inventory:

Missiles
 v - 25 silver javelins
 B - 4 throwing nets
 T - 17 boomerangs (quivered)
Armour
 p - a +2 plate armour of cold resistance (worn)
 s - a +2 tower shield (worn)
 J - the +2 cloak "Duaseq" {*Slow rCorr Str+5}
   (You found it in a Gauntlet)

   It affects your strength (+5).
   It provides partial protection from all sources of acid and corrosion.
   It may slow you when you take damage.
 K - the +0 mask of the Dragon (worn) {MR+ Slay+3 SInv}
   (You bought it in a shop on level 2 of the Orcish Mines)

   It affects your accuracy and damage with ranged weapons and melee attacks
   (+3).
   It affects your resistance to hostile enchantments.
   It lets you see invisible.
 S - a +0 pair of boots of stealth (worn)
 Y - a scarf of repulsion (worn)
Jewellery
 b - a ring of protection from magic (right claw)
 j - an uncursed ring of protection from cold
 k - an uncursed amulet of reflection
 q - a +6 ring of strength
 r - a +4 ring of evasion (left claw)
 t - a +6 ring of dexterity
 w - an uncursed ring of magical power
 y - an uncursed ring of fire
 A - an uncursed amulet of the acrobat
 C - a +6 ring of intelligence
 E - an uncursed amulet of guardian spirit
 H - a +4 ring of evasion
 N - the amulet "Wuovafen" (around neck) {Reflect rElec rF+ SH+5}
   (You bought it in a shop on level 3 of the Vaults)

   [amulet of reflection]

   It shields you and reflects attacks.
   It protects you from fire.
   It insulates you from electricity.
   It affects your SH (+5).
 R - the amulet of the Air {Inacc +Fly rElec EV+5 RMsl}
   (You found it in a Gauntlet)

   [amulet of inaccuracy]

   It reduces the accuracy of all your attacks.
   It affects your evasion (+5).
   It insulates you from electricity.
   It lets you fly.
   It protects you from missiles.
 V - an uncursed ring of ice
Scrolls
 h - 9 scrolls of identify
 l - 9 scrolls of enchant weapon
 n - 17 scrolls of remove curse
 o - 12 scrolls of amnesia
 x - 5 scrolls of magic mapping
 z - 8 scrolls of fog
 D - 6 scrolls of blinking
 F - 2 scrolls of enchant armour
 L - 9 scrolls of fear
 Q - a scroll of brand weapon
 X - 9 scrolls of teleportation
 Z - a scroll of torment
Potions
 c - 3 potions of mutation
 d - 3 potions of haste
 e - 8 potions of heal wounds
 g - 22 potions of curing
 i - a potion of cancellation
 m - 9 potions of flight
 u - 8 potions of stabbing
 G - 5 potions of ambrosia
 M - 2 potions of might
 O - 3 potions of brilliance
 P - 4 potions of resistance
 U - 2 potions of magic
 W - 2 potions of invisibility
Books
 a - a manual of Fighting
Comestibles
 f - 72 rations


   Skills:
 + Level 17.6(16.0) Fighting
   Level 1.5(0.4) Crossbows
 - Level 8.8(7.5) Throwing
 + Level 11.8(10.3) Armour
 - Level 3.6(2.4) Dodging
 + Level 18.4(16.8) Shields
 - Level 20.0(18.2) Unarmed Combat
 - Level 3.5(2.3) Spellcasting
   Level 0.8(0.0) Poison Magic


You had 28 spell levels left.
You knew the following spells:

 Your Spells              Type           Power        Failure   Level  Hunger
a - Shock                 Conj/Air       #...         100%        1    ##.....

Your spell library contained the following spells:

 Spells                   Type           Power        Failure   Level  Hunger
 Apportation              Tloc           #.....       100%        1    ##.....
 Corona                   Hex            #......      100%        1    ##.....
 Poisonous Vapours        Pois/Air       #.....       100%        2    ###....
 Mephitic Cloud           Conj/Pois/Air  #.......     100%        3    ####...
 Olgreb's Toxic Radiance  Pois           #.......     100%        4    #####..
 Lee's Rapid Deconstruct  Erth           #.........   100%        5    ######.
 Animate Skeleton         Necr           Unusable     N/A         1    N/A
 Beastly Appendage        Tmut           Unusable     N/A         1    N/A
 Infusion                 Chrm           Unusable     N/A         1    N/A
 Sting                    Tmut/Pois      Unusable     N/A         1    N/A
 Summon Butterflies       Summ           Unusable     N/A         1    N/A
 Summon Small Mammal      Summ           Unusable     N/A         1    N/A
 Passwall                 Tmut/Erth      Unusable     N/A         2    N/A
 Shroud of Golubria       Chrm/Tloc      Unusable     N/A         2    N/A
 Song of Slaying          Chrm           Unusable     N/A         2    N/A
 Sticks to Snakes         Tmut           Unusable     N/A         2    N/A
 Conjure Flame            Conj/Fire      Unusable     N/A         3    N/A
 Ignite Poison            Fire/Tmut/Pois Unusable     N/A         3    N/A
 Ozocubu's Armour         Chrm/Ice       Unusable     N/A         3    N/A
 Spectral Weapon          Hex/Chrm       Unusable     N/A         3    N/A
 Spider Form              Tmut/Pois      Unusable     N/A         3    N/A
 Ice Form                 Ice/Tmut       Unusable     N/A         4    N/A
 Blade Hands              Tmut           Unusable     N/A         5    N/A
 Fireball                 Conj/Fire      Unusable     N/A         5    N/A
 Irradiate                Conj/Tmut      Unusable     N/A         5    N/A
 Hydra Form               Tmut           Unusable     N/A         6    N/A
 Shadow Creatures         Summ           Unusable     N/A         6    N/A
 Starburst                Conj/Fire      Unusable     N/A         6    N/A
 Statue Form              Tmut/Erth      Unusable     N/A         6    N/A
 Dragon Form              Tmut           Unusable     N/A         7    N/A
 Ring of Flames           Chrm/Fire      Unusable     N/A         7    N/A
 Ignition                 Fire           Unusable     N/A         8    N/A

Dungeon Overview and Level Annotations

Branches:
Dungeon (15/15)            Temple (0/1) D:6            Lair (6/6) D:10
  Swamp (4/4) Lair:3        Snake (4/4) Lair:2        Slime (0/5) Lair:6
    Orc (2/2) D:10            Elf (0/3) Orc:2        Vaults (4/5) D:13
  Crypt (0/3) Vaults:3     Depths (4/5) D:15         Bailey (visited)
Gauntlet (visited)

Altars:
Cheibriados
Fedhas
Makhleb
Okawaru
Ru
Vehumet
Wu Jian
Xom
Yredelemnul
Zin
Beogh
Jiyva

Shops:
D:7 [   Orc:2 [(=*   Snake:1 %!*   Snake:2 [   Vaults:1 (   Vaults:3 =
Vaults:4 [(   Depths:1 !*

Portals:
Hell: Depths:1
Ziggurat: Depths:1
Trove: D:13 (give 6 scrolls of fog)

Annotations:
D:10 1 runed translucent door
Depths:3 Asterion
Depths:4 Boris


Innate Abilities, Weirdness & Mutations

Your body is rotting away.
You thrive on raw meat.
You are immune to poison.
You have sharp fingernails.
You are carnivorous and can eat meat at any time.
Your flesh is cold resistant. (rC+)
You are immune to negative energy. (rN+++)
You occasionally shout uncontrollably at your foes.
You do not regenerate when monsters are visible.
You are immune to unholy pain and torment.
You can survive without breathing.
You cannot study or use magical devices.
You are hated by all.
You cannot study or cast Charms magic.
You cannot study or cast Fire magic.
You cannot study or cast Transmutations magic.
Your casting is slightly disrupted.
You are somewhat unskilled. (-1 Apt)


Message History

You see here a bolt.
You reveal the great annihilating truth to your foes!
You kill the human!
The human's shape twists and changes as it dies.
You kill the deep troll!
Asterion is paralysed by terrible understanding!
You kill the yaktaur!
The deep troll is paralysed by terrible understanding!
You kill the yaktaur!
The green death doubts its magic when faced with ultimate truth!
The yaktaur slows down under the weight of truth!
You kill the purple ugly thing!
The purple very ugly thing is paralysed by terrible understanding!
You feel drained.
You hear a shout! x2; You hear a horrible gurgling sound! x2; You hear a shout! x6
You hear a deafening roar!
You hear a shout! x9
A deep troll comes into view.
You shout at the deep troll!
The stone giant throws a large rock.
The large rock hits you!!
You die...

,,,,,,,,,u.......................
,,,,,,,,,u†.....2......[.........
,,,,,,,,,TC....^.................
,,,,,,,,,T......H................
,,,,,,,,,.................C......
*******,,..(........###.>.#####..
* *,,,,...........# #...* #.. *
*,,,,.>.....(...# *,,,* *,, *
*,,,,.......@...# ***** ***
**,,,.##....(...#
*,,,**#........# ***** #........#
#......### #......# #....).#
#...c).# *,,,,,,*


You could see Asterion (paralysed), a purple very ugly thing (paralysed), a
stone giant, a green death (summoned), 2 deep trolls and a yaktaur (slow).

Vanquished Creatures
  Mara (Vaults:3)
  Boris (twice) (Vaults:3 Depths:1)
  4 caustic shrikes (Depths:1)
  Vashnia (Snake:1)
  Saint Roka (Orc:2)
  Nikola (Snake:4)
  2 sphinxes
  Frances (D:13)
  A shadow dragon (Depths:1)
  6 thorn hunters
  Donald (Swamp:3)
  Kirke (Swamp:3)
  9 nagarajas
  2 fire giants
  10 vault wardens
  A cacodemon (Gauntlet)
  An iron dragon (shapeshifter) (Vaults:3)
  4 orc warlords
  Aizul (Snake:2)
  6 ironheart preservers
  A war gargoyle (Vaults:2)
  7 very ugly things
  7 stone giants
  2 entropy weavers
  Nessos (Lair:5)
  A minotaur (Gauntlet)
  3 dire elephants
  2 deep elf annihilators
  2 spark wasps (Depths:1)
  3 ettins
  Snorg (D:13)
  6 great orbs of eyes
  A quicksilver dragon zombie (Depths:1)
  5 fire dragons
  17 hydras
  Harold (D:7)
  12 yaktaur captains
  Fannar (Lair:2)
  7 centaur warriors
  6 ice dragons
  8 rakshasas
  A catoblepas (Lair:2)
  A ghost crab (Swamp:4)
  17 naga warriors
  3 vault guards
  2 shambling mangroves
  A hell beast (Depths:1)
  16 anacondas
  9 ogre magi
  A satyr (shapeshifter) (Depths:1)
  4 dancing weapons
  22 two-headed ogres
  13 alligators
  2 death knights
  3 deep troll earth magi
  5 orc high priests
  16 naga sharpshooters
  2 tengu warriors
  3 spriggan berserkers (D:14)
  5 shock serpents
  3 deep elf knights
  5 salamander mystics
  A fire crab (shapeshifter) (Vaults:4)
  9 skeletal warriors
  An iron troll (Depths:1)
  4 shadow wraiths
  A spriggan druid (Swamp:2)
  11 swamp dragons
  4 deep trolls
  3 unseen horrors
  4 wizards
  2 deep elf archers (Vaults:1)
  3 naga ritualists
  12 ironbrand convokers
  13 harpies
  19 orc knights
  4 deep elf magi
  Pikel (D:7)
  8 mana vipers
  2 manticores
  A wolf spider (Vaults:3)
  An oklob plant (Orc:2)
  28 ugly things
  5 cyclopes
  A sphinx skeleton (Vaults:3)
  4 orc sorcerers
  A fire giant skeleton (Vaults:3)
  11 vault sentinels
  7 salamanders
  Maurice (D:10)
  9 elephants
  3 centaur zombies
  15 naga magi
  26 black mambas
  A stone giant skeleton (Vaults:3)
  2 molten gargoyles (Lair:5)
  9 guardian serpents
  2 centaur skeletons (D:14)
  14 spiny frogs
  A gargoyle (D:11)
  Maggie (D:7)
  11 komodo dragons
  40 yaktaurs
  5 rime drakes
  An efreet (D:15)
  6 freezing wraiths
  3 kobold demonologists
  A polar bear (Lair:6)
  A wind drake (shapeshifter) (Vaults:2)
  20 hornets
  A meliai (shapeshifter) (Vaults:4)
  6 trolls
  7 tyrant leeches
  A raiju (shapeshifter) (Vaults:1)
  4 bog bodies
  56 slime creatures
  28 blink frogs
  4 hippogriffs
  A stone giant simulacrum (Vaults:1)
  A snapping turtle (shapeshifter) (Vaults:1)
  12 spriggans
  A fire giant simulacrum (Vaults:3)
  An ettin skeleton (Vaults:3)
  8 shadows
  2 redbacks (Vaults:4)
  A spriggan (shapeshifter) (Vaults:1)
  2 vampires (D:15)
  4 wyverns
  50 yaks
  A wyvern (shapeshifter) (Vaults:3)
  3 humans (Swamp:3)
  A human simulacrum (Vaults:1)
  A human (shapeshifter) (Depths:3)
  A wraith (Vaults:1)
  A hog (Swamp:3)
  5 basilisks
  A steam dragon (shapeshifter) (Depths:2)
  3 hungry ghosts
  2 soldier ants (D:10)
  16 insubstantial wisps
  5 vampire mosquitoes
  6 acid dragons
  9 wargs
  53 nagas
  A soldier ant (shapeshifter) (Vaults:3)
  13 swamp worms
  Duvessa (D:4)
  A deep troll skeleton (Vaults:3)
  10 swamp drakes
  8 water moccasins
  7 porcupines
  3 ice beasts
  66 orc warriors
  A phantom (D:4)
  A sky beast (D:9)
  A black bear (shapeshifter) (Vaults:2)
  A black bear (D:6)
  2 eyes of draining
  A necrophage (D:12)
  7 boggarts
  30 ogres
  12 centaurs
  28 wolves
  6 crocodiles
  A big kobold (D:12)
  26 bullfrogs
  A gnoll sergeant (D:8)
  A glowing shapeshifter simulacrum (Vaults:3)
  A wyvern zombie (D:12)
  A wyvern skeleton (D:14)
  Dowan (D:4)
  5 human skeletons (Vaults:3)
  2 scorpions
  20 killer bees
  4 wights (D:6)
  4 howler monkeys
  8 electric eels
  5 crimson imps
  2 bullfrog zombies
  6 lava snakes
  5 hounds
  A quasit (D:12)
  A yaktaur simulacrum (Vaults:1)
  A gnoll shaman (Orc:1)
  4 bullfrog skeletons
  4 jellies
  26 orc priests
  5 hell rats (Lair:6)
  3 iguanas
  24 orc wizards
  10 worker ants
  3 worker ant zombies
  16 gnolls
  14 adders
  4 shadow imps
  An ooze (D:2)
  An adder zombie (D:7)
  2 worms
  2 dart slugs
  7 leopard geckos
  154 orcs
  9 giant cockroaches
  14 goblins
  11 hobgoblins
  17 jackals
  6 quokkas
  6 bats
  5 frilled lizards
  A goblin skeleton (D:10)
  8 kobolds
  A quokka skeleton (D:4)
  6 rats
  A plant (Lair:6)
1576 creatures vanquished.

Vanquished Creatures (others)
  2 nagarajas
  A crystal guardian (Vaults:3)
  3 hydras
  An anaconda (Snake:4)
  An ogre mage (Vaults:1)
  2 two-headed ogres (Vaults:1)
  A naga sharpshooter (Snake:4)
  Urug (Lair:2)
  A fire crab (shapeshifter) (Vaults:3)
  A harpy (Vaults:2)
  A manticore (D:15)
  An elephant (Lair:6)
  2 black mambas (Snake:3)
  A gargoyle (D:14)
  A yaktaur (Depths:2)
  A red devil (Depths:1)
  A hornet (Swamp:2)
  A wraith (D:14)
  A yak (Lair:6)
  5 nagas (Snake:4)
  3 swamp worms
  An orc warrior (Orc:2)
  2 slaves (D:7)
  2 ogres
  7 orcs
  7 briar patches
  12 fungi
  10 plants
73 creatures vanquished.

Grand Total: 1649 creatures vanquished

Notes
Turn   | Place    | Note
-------+----------+-------------------------------------------
     0 | D:1      | jjjjhere the Ghoul Wanderer began the quest for the Orb.
     0 | D:1      | jjjjhere set off with the following items: a +2 hand
                  | crossbow, 24 bolts, a +0 ring mail, a ration; and the
                  | following spell memorised: Shock; and the following spells
                  | available to memorise: Conjure Flame
     0 | D:1      | Reached XP level 1. HP: 14/14 MP: 3/3
   186 | D:1      | Reached skill level 1 in Unarmed Combat
   226 | D:1      | Reached XP level 2. HP: 20/20 MP: 4/4
   239 | D:1      | Reached skill level 2 in Unarmed Combat
   453 | D:1      | Reached XP level 3. HP: 26/26 MP: 6/6
   627 | D:2      | Reached skill level 3 in Unarmed Combat
   681 | D:2      | HP: 7/26 [adder (4)]
   812 | D:2      | Found a shimmering altar of Xom.
   825 | D:2      | Reached XP level 4. HP: 31/33 MP: 7/7
   909 | D:2      | Reached skill level 4 in Unarmed Combat
  1378 | D:2      | Reached XP level 5. HP: 19/38 MP: 8/8
  1575 | D:2      | Reached skill level 5 in Unarmed Combat
  2323 | D:4      | Reached skill level 6 in Unarmed Combat
  2360 | D:4      | Reached XP level 6. HP: 35/45 MP: 9/9
  2526 | D:4      | Found an iron altar of Okawaru.
  2526 | D:4      | Noticed a phantom
  2574 | D:4      | Killed a phantom
  2574 | D:4      | Reached skill level 7 in Unarmed Combat
  2643 | D:4      | Noticed Dowan
  2644 | D:4      | Noticed Duvessa
  3254 | D:4      | Found an ornate altar of the Wu Jian Council.
  3346 | D:4      | HP: 11/43 [Dowan/puff of flame (12)]
  3351 | D:4      | HP: 8/43 [Duvessa/+0 rapier (3)]
  3370 | D:4      | HP: 13/45 [Duvessa/+0 rapier (6)]
  3621 | D:4      | Killed Duvessa
  3621 | D:4      | Reached XP level 7. HP: 31/50 MP: 10/10
  3761 | D:4      | HP: 14/50 [Dowan/stone arrow (18)]
  3764 | D:4      | Killed Dowan
  3764 | D:4      | Reached skill level 8 in Unarmed Combat
  4045 | D:5      | Entered Level 5 of the Dungeon
  4335 | D:5      | Identified the Collected Works on the Mountains and the
                  | Escort
  5160 | D:6      | Reached skill level 1 in Fighting
  5160 | D:6      | Reached skill level 9 in Unarmed Combat
  5331 | D:6      | Reached XP level 8. HP: 44/57 MP: 11/11
  5525 | D:6      | Found a basalt altar of Yredelemnul.
  5668 | D:6      | Found a radiant altar of Vehumet.
  5756 | D:6      | Found a glowing silver altar of Zin.
  5756 | D:6      | Found a sacrificial altar of Ru.
  5786 | D:6      | Became a worshipper of Ru the Awakened
  6034 | D:6      | Found a staircase to the Ecumenical Temple.
  6227 | D:7      | Noticed Harold
  6248 | D:7      | HP: 11/62 [Harold/+0 halberd (11)]
  6253 | D:7      | Killed Harold
  6253 | D:7      | Reached skill level 11 in Unarmed Combat
  6253 | D:7      | Reached XP level 9. HP: 44/73 MP: 12/12
  6258 | D:7      | Reached skill level 5 in Fighting
  6482 | D:7      | Noticed Maggie
  6499 | D:7      | Killed Maggie
  6499 | D:7      | Reached skill level 12 in Unarmed Combat
  7012 | D:7      | Found Uzaxog's Antique Armour Shoppe.
  7015 | D:7      | Bought a shiny helmet for 210 gold pieces
  7064 | D:7      | Found a burning altar of Makhleb.
  7068 | D:7      | Found a blossoming altar of Fedhas.
  7138 | D:7      | Noticed Pikel
  7148 | D:7      | Killed Pikel
  7148 | D:7      | Reached XP level 10. HP: 86/86 MP: 13/13
  8446 | D:8      | Found a burning altar of Makhleb.
  8919 | D:9      | Reached skill level 5 in Armour
  9362 | D:9      | Noticed a two-headed ogre
  9369 | D:9      | Killed a two-headed ogre
  9506 | D:9      | Found a snail-covered altar of Cheibriados.
  9632 | D:9      | Reached skill level 10 in Fighting
  9632 | D:9      | Reached XP level 11. HP: 57/99 MP: 14/14
  9777 | D:9      | Noticed a two-headed ogre
  9785 | D:9      | Killed a two-headed ogre
  9849 | D:10     | Entered Level 10 of the Dungeon
  9984 | D:10     | Found a staircase to the Lair.
  9995 | D:10     | Found a staircase to the Orcish Mines.
 10102 | D:10     | Noticed Maurice
 10118 | D:10     | Paralysed by something for 2 turns
 10123 | D:10     | Killed Maurice
 10123 | D:10     | Reached skill level 1 in Dodging
 10168 | D:10     | Found a runed translucent door.
 10173 | D:10     | Found a basalt altar of Yredelemnul.
 10275 | D:10     | Found a flagged portal.
 10290 | Bailey   | Entered a bailey
 10361 | Bailey   | Found an iron altar of Okawaru.
 10362 | Bailey   | Noticed a soul eater
 10569 | Bailey   | Noticed an orc knight
 10607 | Bailey   | Killed an orc knight
 10785 | Bailey   | Noticed an orc knight
 10819 | Bailey   | Killed an orc knight
 12166 | D:11     | Found a gate leading to a gauntlet.
 12212 | Gauntlet | Entered a Gauntlet
 12212 | Gauntlet | Found a transporter.
 12212 | Gauntlet | Found a transporter.
 12212 | Gauntlet | Found a transporter.
 12212 | Gauntlet | Noticed a worldbinder
 12215 | Gauntlet | Found a transporter.
 12217 | Gauntlet | Found a transporter.
 12219 | Gauntlet | Found a transporter.
 12226 | Gauntlet | Found a transporter.
 12228 | Gauntlet | Found a transporter.
 12228 | Gauntlet | Found a transporter.
 12230 | Gauntlet | Found a transporter.
 12232 | Gauntlet | Noticed a cacodemon
 12237 | Gauntlet | Noticed a blizzard demon
 12238 | Gauntlet | Found a transporter.
 12239 | Gauntlet | Found the amulet of the Air {Inacc +Fly rElec EV+5 RMsl}
 12239 | Gauntlet | Found a transporter.
 12394 | Gauntlet | HP: 30/102 [hornet (8)]
 12400 | Gauntlet | Reached XP level 12. HP: 47/112 MP: 15/15
 12646 | Gauntlet | Reached skill level 13 in Unarmed Combat
 12783 | Gauntlet | Killed a cacodemon
 12859 | Gauntlet | Got a pitted hat
 12870 | Gauntlet | Identified the cursed +0 hat of Day {rElec Regen+ Int-5
                  | SInv} (You found it in a Gauntlet)
 12903 | Gauntlet | Acquired a +0 pair of boots of stealth
 12910 | Gauntlet | Acquired 960 gold pieces
 12935 | Gauntlet | Noticed a minotaur
 12954 | Gauntlet | Killed a minotaur
 13231 | Gauntlet | Got a jewelled cloak
 13242 | Gauntlet | Identified the +2 cloak "Duaseq" {*Slow rCorr Str+5} (You
                  | found it in a Gauntlet)
 13635 | D:11     | Gained mutation: You are somewhat unskilled. (-1 Apt) [Ru
                  | sacrifice]
 13635 | D:11     | Reduced skill Unarmed Combat to level 12
 13635 | D:11     | Reached * piety under Ru
 13979 | Lair:1   | Entered Level 1 of the Lair of Beasts
 14012 | Lair:1   | Reached skill level 13 in Unarmed Combat
 14648 | Lair:1   | Noticed an eight-headed hydra
 14654 | Lair:1   | Killed an eight-headed hydra
 14981 | Lair:1   | Got a dazzling scale mail
 14992 | Lair:1   | Identified the +0 scale mail "Taptaus" {rCorr Str+5 Int+4
                  | Stlth+} (You found it on level 1 of the Lair of Beasts)
 15058 | Lair:2   | Noticed Fannar
 15083 | Lair:2   | Killed Fannar
 15172 | Lair:2   | Reached XP level 13. HP: 120/122 MP: 15/15
 15669 | Lair:2   | Found a staircase to the Snake Pit.
 15690 | Lair:2   | Reached skill level 14 in Unarmed Combat
 15712 | Lair:2   | Noticed Urug
 15767 | Lair:2   | HP: 35/121 [Urug/+1 eveningstar of protection (17)]
 15771 | Lair:2   | Killed Urug
 16156 | Lair:2   | Gained mutation: You cannot study or cast Fire magic. [Ru
                  | sacrifice]
 16156 | Lair:2   | Gained mutation: You cannot study or cast Transmutations
                  | magic. [Ru sacrifice]
 16156 | Lair:2   | Gained mutation: You cannot study or cast Charms magic. [Ru
                  | sacrifice]
 16156 | Lair:2   | Reached ** piety under Ru
 17639 | Lair:3   | Found a staircase to the Swamp.
 18777 | Lair:4   | Gained mutation: You cannot study or use magical devices.
                  | [Ru sacrifice]
 18777 | Lair:4   | Reached *** piety under Ru
 18777 | Lair:4   | Reached **** piety under Ru
 18777 | Lair:4   | Reached ***** piety under Ru
 18968 | Lair:4   | Reached skill level 15 in Unarmed Combat
 19000 | Lair:4   | Got a faintly glowing scale mail
 19043 | Lair:4   | Identified the +5 scale mail "Courph" {rC+} (You found it
                  | on level 4 of the Lair of Beasts)
 19832 | Lair:5   | Reached XP level 14. HP: 117/129 MP: 16/16
 20085 | Lair:5   | Noticed Nessos
 20123 | Lair:5   | Killed Nessos
 20730 | Lair:6   | Entered Level 6 of the Lair of Beasts
 20780 | Lair:5   | Gained mutation: You are hated by all. [Ru sacrifice]
 20856 | Lair:6   | Found a viscous altar of Jiyva.
 20856 | Lair:6   | Found a staircase to the Slime Pits.
 21190 | Lair:6   | Reached skill level 5 in Shields
 21230 | Lair:6   | Got a scorched ruby amulet
 21231 | Lair:6   | Identified the amulet of Kiggeno {Inacc rC++ Int-2} (You
                  | found it on level 6 of the Lair of Beasts)
 22168 | Lair:6   | Noticed a dire elephant
 22168 | Lair:6   | Noticed a dire elephant
 22188 | Lair:6   | Killed a dire elephant
 22200 | Lair:6   | Killed a dire elephant
 22200 | Lair:6   | Reached skill level 16 in Unarmed Combat
 22249 | Lair:6   | Noticed a dire elephant
 22658 | Orc:1    | Entered Level 1 of the Orcish Mines
 23300 | Orc:2    | Entered Level 2 of the Orcish Mines
 23334 | Orc:2    | Found a roughly hewn altar of Beogh.
 23371 | Orc:2    | Gained mutation: You occasionally shout uncontrollably at
                  | your foes. [Ru sacrifice]
 23399 | Orc:2    | Noticed an orc warlord
 23432 | Orc:1    | Killed an orc warlord
 24035 | Orc:2    | Found a staircase to the Elven Halls.
 24218 | Orc:2    | Found a roughly hewn altar of Beogh.
 24230 | Orc:2    | Found Veuhonwui's Jewellery Emporium.
 24475 | Orc:2    | Found a roughly hewn altar of Beogh.
 24479 | Orc:2    | Found Imugib's Assorted Antiques.
 24572 | Orc:2    | Bought the +0 mask of the Dragon {MR+ Slay+3 SInv} for 701
                  | gold pieces
 24572 | Orc:2    | Found the +0 mask of the Dragon {MR+ Slay+3 SInv}
 24818 | Orc:2    | HP: 37/129 [orc high priest/divine providence (13)]
 24873 | Orc:2    | HP: 25/129 [orc warrior/+0 hand axe[an orc knight] (12)]
 25419 | Orc:2    | Noticed Saint Roka
 25951 | Orc:2    | HP: 33/129 [Saint Roka/+3 halberd of venom (33)]
 25952 | Orc:2    | Killed Saint Roka
 25952 | Orc:2    | Reached XP level 15. HP: 35/135 MP: 17/17
 26305 | Orc:2    | Noticed an orc warlord
 26323 | Orc:2    | Killed an orc warlord
 26821 | Orc:2    | Found Urasmiar's Antique Weapon Emporium.
 26822 | Orc:2    | Found a roughly hewn altar of Beogh.
 26825 | Orc:2    | Found Hiduxaet's Antique Armour Shoppe.
 27384 | D:12     | Reached skill level 17 in Unarmed Combat
 28218 | Swamp:1  | Entered Level 1 of the Swamp
 29712 | Swamp:2  | Found a transporter.
 29712 | Swamp:2  | Found a transporter.
 29985 | Swamp:2  | Noticed a thorn hunter
 29996 | Swamp:2  | Killed a thorn hunter
 30087 | Swamp:2  | Reached skill level 10 in Shields
 30119 | Swamp:2  | Noticed a thorn hunter
 30155 | Swamp:2  | Killed a thorn hunter
 30299 | Swamp:2  | Noticed a thorn hunter
 30317 | Swamp:2  | Killed a thorn hunter
 30910 | Swamp:1  | HP: 44/135 [alligator[a spriggan druid] (16)]
 31633 | Swamp:2  | Reached XP level 16. HP: 74/143 MP: 18/18
 31935 | Swamp:3  | Noticed a thorn hunter
 31953 | Swamp:3  | Killed a thorn hunter
 32396 | Swamp:3  | Noticed Donald
 32404 | Swamp:3  | Killed Donald
 32854 | Swamp:3  | Noticed Kirke
 32881 | Swamp:3  | Killed Kirke
 33528 | Swamp:4  | Entered Level 4 of the Swamp
 34157 | Swamp:4  | Noticed a thorn hunter
 34180 | Swamp:4  | Killed a thorn hunter
 34199 | Swamp:4  | HP: 46/143 [four-headed hydra (5)]
 34204 | Swamp:4  | HP: 18/143 [four-headed hydra (8)]
 35061 | Swamp:4  | Noticed a thorn hunter
 35159 | Swamp:3  | Killed a thorn hunter
 35874 | Swamp:4  | Got a decaying rune of Zot
 36178 | Snake:1  | Entered Level 1 of the Snake Pit
 36234 | Snake:1  | Reached XP level 17. HP: 149/149 MP: 19/19
 36255 | Snake:1  | Found Qohuon's General Store.
 36274 | Snake:1  | Bought a potion of might for 44 gold pieces
 36390 | Snake:1  | Found Bewyug's Distillery.
 36390 | Snake:1  | Found Wegod's Food Shoppe.
 36536 | Snake:1  | Gained mutation: Your casting is slightly disrupted. [Ru
                  | sacrifice]
 36536 | Snake:1  | Reached ****** piety under Ru
 36948 | Snake:2  | Noticed Vashnia
 37218 | Snake:1  | Killed Vashnia
 37976 | Snake:2  | Found Vorhabui's Armour Boutique.
 38086 | Snake:2  | Reached skill level 18 in Unarmed Combat
 38124 | Snake:2  | Reached skill level 15 in Shields
 38421 | Snake:2  | Noticed Aizul
 38450 | Snake:2  | Killed Aizul
 39726 | Snake:3  | Acquired 470 gold pieces
 40537 | Snake:4  | Entered Level 4 of the Snake Pit
 40582 | Snake:4  | Reached XP level 18. HP: 158/158 MP: 20/20
 42560 | Snake:4  | Noticed Nikola
 42852 | Snake:4  | Killed Nikola
 42869 | Snake:3  | HP: 51/159 [anaconda (4)]
 42874 | Snake:3  | HP: 41/159 [anaconda (3)]
 44204 | Snake:4  | Got a serpentine rune of Zot
 44583 | D:13     | Noticed Frances
 44598 | D:13     | Killed Frances
 44598 | D:13     | Reached skill level 10 in Armour
 45136 | D:13     | Noticed Snorg
 45184 | D:13     | Killed Snorg
 45366 | D:13     | Found a gate to the Vaults.
 45454 | D:13     | Found a portal to a secret trove of treasure.
 45609 | Vaults:1 | Entered Level 1 of the Vaults
 45609 | Vaults:1 | Found Appuroat's Weapon Shop.
 46404 | Vaults:1 | Paralysed by an ogre mage for 7 turns
 46416 | Vaults:1 | Reached XP level 19. HP: 152/169 MP: 21/21
 46472 | Vaults:1 | Reached skill level 1 in Throwing
 46851 | Vaults:1 | Reached skill level 15 in Fighting
 49800 | Vaults:2 | Reached skill level 5 in Throwing
 51380 | Vaults:3 | Reached XP level 20. HP: 173/177 MP: 22/22
 51384 | Vaults:3 | Reached skill level 19 in Unarmed Combat
 52271 | Vaults:3 | Noticed Boris
 52275 | Vaults:3 | Noticed Mara
 52281 | Vaults:3 | Noticed jjjjhere's illusion
 52884 | Vaults:3 | Noticed a shard shrike
 52884 | Vaults:3 | a shard shrike changed into a titan
 52900 | Vaults:3 | Noticed an iron giant
 52902 | Vaults:3 | an iron giant changed into an iron dragon
 53329 | Vaults:3 | Found a staircase to the Crypt.
 53522 | Vaults:3 | Found Vatwoix's Jewellery Shop.
 53792 | Vaults:3 | Noticed jjjjhere's illusion
 53795 | Vaults:3 | Noticed jjjjhere's illusion
 53826 | Vaults:3 | Killed Mara
 54150 | Vaults:3 | Killed Boris
 55211 | Vaults:4 | Reached XP level 21. HP: 65/185 MP: 14/23
 55215 | Vaults:4 | HP: 52/185 [orc priest/divine providence (13)]
 55224 | Vaults:3 | HP: 19/185 [orc knight/+0 great sword (33)]
 56347 | Vaults:4 | Reached skill level 20 in Unarmed Combat
 56496 | Vaults:4 | Found a roughly hewn altar of Beogh.
 57243 | Vaults:4 | Found Udoager's Weapon Shoppe.
 57644 | Vaults:4 | Found Adde's Armour Shop.
 58020 | D:14     | HP: 55/186 [spriggan berserker/+0 antimagic rapier (26)]
 58873 | D:14     | Acquired 3750 gold pieces
 59188 | D:14     | Found the +8 Wrath of Trog {antimagic, *Rage}
 59649 | D:15     | Entered Level 15 of the Dungeon
 59847 | D:15     | Found a staircase to the Depths.
 60520 | Depths:1 | Entered Level 1 of the Depths
 60674 | Depths:1 | Found a gateway to Hell.
 60911 | Depths:1 | Noticed a caustic shrike
 60911 | Depths:1 | Noticed a caustic shrike
 60913 | Depths:1 | Found Sekener's General Store.
 60914 | Depths:1 | Noticed a caustic shrike
 60919 | Depths:1 | Noticed a caustic shrike
 60927 | Depths:1 | Killed a caustic shrike
 60931 | Depths:1 | Killed a caustic shrike
 60936 | Depths:1 | HP: 37/188 [caustic shrike (26)]
 60937 | Depths:1 | Killed a caustic shrike
 60943 | Depths:1 | HP: 18/188 [caustic shrike (15)]
 60944 | Depths:1 | Killed a caustic shrike
 60963 | Depths:1 | HP: 9/189 [deep troll earth mage (13)]
 61448 | Depths:1 | Bought a scroll of acquirement for 936 gold pieces
 61448 | Depths:1 | Acquired a manual of Fighting
 61696 | Depths:1 | Found a gateway to a ziggurat.
 61923 | Depths:1 | Found Ledoc's Distillery.
 62085 | Depths:1 | Bought a potion of experience for 800 gold pieces
 62085 | Depths:1 | Reached XP level 22. HP: 199/199 MP: 23/26
 62175 | Depths:2 | Noticed Boris
 62202 | Depths:1 | Killed Boris
 62202 | Depths:1 | Reached XP level 23. HP: 168/206 MP: 27/27
 62686 | Vaults:3 | Bought the amulet "Wuovafen" {Reflect rElec rF+ SH+5} for
                  | 1020 gold pieces
 62940 | Depths:2 | You fall into a shaft and drop 2 floors!
 62975 | Depths:4 | Noticed Boris
 62997 | Depths:4 | HP: 65/206 [+1 battleaxe of freezing (18)]
 63297 | Depths:3 | HP: 65/205 [fire giant/fireball (13)]
 63303 | Depths:3 | HP: 66/205 [tengu warrior/+0 great mace (4)]
 63308 | Depths:3 | HP: 38/205 [yaktaur/bolt[a yaktaur captain] (19)]
 63332 | Depths:3 | HP: 22/205 [yaktaur captain/bolt (25)]
 63339 | Depths:3 | Noticed Asterion
 63342 | Depths:3 | HP: 37/206 [yaktaur/bolt (11)]
 63344 | Depths:3 | Hit by a large rock thrown by a stone giant

Illustrated notes

Levels and vault maps discovered:
D:1:      roderic_chinese_lattice_arrival, layout_basic, st_stairs_5
D:2:      layout_basic, xom_teletrap_fun
D:3:      layout_rooms, first_ration
D:4:      layout_loops_ring, okawaru_ov_weapons_minmay,
          lemuel_coloured_pillars_altar, minmay_misc_feat_four_crosses,
          uniq_duvessa
D:5:      layout_basic, nrook_mini_backslash
D:6:      layout_basic, gammafunk_temple_overflow_elements,
          overflow_temple_1_default, lemuel_crystal_altar,
          minmay_temple_entry_nine_rooms
D:7:      layout_loops_ring, chequers_temple_overflow_statue_of_worship,
          serial_shops, shop, uniq_pikel, uniq_harold, uniq_maggie
D:8:      layout_basic, basic_altar, minmay_fountain_box
D:9:      layout_layer_cave, kennysheep_mini_moat
D:10:     layout_roguey, lair_entry_dummy, orc_0_dummy, enter_bailey_1,
          hangedman_pestilent_swarm, dk_yredelemnul_ordeal, uniq_maurice
D:11:     layout_loops_ring, gauntlet_entry_generic
D:12:     layout_basic
D:13:     layout_loops_corners, erik_vaults_1, nicolae_trove_entry_columns,
          uniq_snorg, uniq_frances
D:14:     layout_roguey, chequers_serial_rivers_micro_c, minivault_25_ag,
          minmay_guarded_unrand_wrath_of_trog
D:15:     hangedman_depths_entry_try_elsewhere_first, layout_rooms
Lair:1:   layout_roguey
Lair:2:   beast_lair_carwin_large_2, layout_hall_layers,
          minmay_snake_entry_guardpost_small, columned_hall_lemuel,
          nicolae_quartered_pool_little, serial_bayou_shore_a, uniq_fannar,
          uniq_urug
Lair:3:   wander_river, layout_gridlike, swamp_mist, infiniplex_staircase_pool
Lair:4:   layout_regular_city, chequers_serial_rivers_micro_e
Lair:5:   cheibrodos_magma_flow, layout_gridlike, fungi_pond_lemuel,
          grunt_megastairs_4, uniq_nessos
Lair:6:   due_jungle_book, layout_regular_city, slime_altar_1,
          chequers_serial_rivers_micro_e, serial_bayou_pond_a
Swamp:1:  layout_basic_swamp, hangedman_swamp_ruin_wall, swamp_pool1
Swamp:2:  gammafunk_the_bubble [the_bubble_gammafunk_plus_minus],
          layout_basic_swamp, evilmike_swamp_ruin_rubble_1
Swamp:3:  layout_basic_swamp, evilmike_swamp_ruin_rubble_2,
          statue_in_the_mist_lemuel, swamp_pool4, uniq_kirke, uniq_donald
Swamp:4:  swamp_alternative, layout_basic_swamp, swamp_pool3,
          infiniplex_staircase_pool_2
Snake:1:  layout_misc_corridors, serial_shops, nicolae_shop_stone,
          lemuel_fruit_tree, minmay_shoptagon
Snake:2:  layout_misc_corridors, serial_shops, shop_fountains,
          hangedman_snake_sidewinding, uniq_vashnia, uniq_aizul
Snake:3:  layout_grid_maze, nicolae_coiled_stairwell_down
Snake:4:  johnstein_snake_rune_scales, layout_cave_town, uniq_nikola
Orc:1:    layout_diamond_mine
Orc:2:    grunt_orc_community_town_hall, layout_caves,
          grunt_orc_community_big_house_2, grunt_orc_community_big_house_2,
          grunt_orc_community_house_1, grunt_orc_community_house_3,
          grunt_orc_community_house_1, grunt_orc_community_house_1,
          grunt_orc_community_house_2, nicolae_orc_lava_tube, mines3_lemuel
Vaults:1: v_rooms_6, vaults_mumra_minichess_inversion, ontoclasm_vaults_bender,
          v_pattern_3, hangedman_vaults_cutoff, vaults_room_hallway,
          ontoclasm_vaults_ring_small, ontoclasm_vaults_ligature,
          vaults_room_door_ring, ontoclasm_vaults_decontamination,
          vaults_standard_mumra_x, v_alt_pattern_1, grunt_vaults_focal,
          hangedman_vaults_cutoff, layout_vaults_omnicross, serial_shops,
          nicolae_shop_crystal
Vaults:2: nicolae_vaults_fighting_squares, v_misc_26,
          hangedman_vaults_restitches, v_misc_11, v_misc_9,
          hangedman_vaults_trim, nicolae_vaults_little_squares_4,
          layout_vaults_omnigrid
Vaults:3: v_misc_15, v_misc_16, vaults_room_fours, v_alt_pattern_5,
          hangedman_vaults_nails, nicolae_vaults_little_squares_4, v_pattern_1,
          st_squares, vaults_room_door_ring, minmay_crypt_entry_skeletal_spiral,
          grunt_vaults_hallway_short, nicolae_vaults_mini_display_case,
          vaults_room_pools, layout_vaults_omnibox, serial_shops, shop,
          uniq_boris, uniq_margery, uniq_mara
Vaults:4: v_misc_28, grunt_vaults_hallway_short, v_misc_22, v_misc_9,
          nicolae_vaults_rhombus_7, ontoclasm_vaults_chip,
          dpeg_vaults_monster_box, v_misc_9, special_room_vaults
          [special_room_orc], nicolae_vaults_border_crossing,
          layout_vaults_big_room, serial_shops, shop
Depths:1: layout_cave_shapes, enter_ziggurat_e, grunt_mini_vestibule,
          serial_shops, kennysheep_mini, kennysheep_little_box,
          hangedman_decor_push, minmay_microvault
Depths:2: grunt_house_of_mirrors, layout_gridville, minmay_misc_feat_iff,
          hell_entry
Depths:3: cell_vault, layout_cross, hell_entry, rand_demon_pan_entry_8,
          chequers_serial_rivers_micro_d, uniq_enchantress, uniq_asterion
Depths:4: hangedman_crystal_crosses_colossus [crystal_crosses_arms_four,
          crystal_crosses_arms_two, crystal_crosses_arms_two,
          crystal_crosses_arms_one], abyss_entry, hell_entry, uniq_frederick

Skill      XL: |  1  2  3  4  5  6  7  8  9 10 11 12 13 14 15 16 17 18 19 20 21 |
---------------+----------------------------------------------------------------+-----
Unarmed Combat | 1 2 3 4 6 7 9 11 12 13 15 16 17 18 19 20 | 20.0
Fighting       | 2 4 7 10 12 13 14 15 17 | 17.6
Armour         | 2 6 7 6 8 10 11 | 11.8
Dodging        | 4 3 |  3.6
Charms         | 0 |  0.0
Poison Magic   | 0 |  0.8
Shields        | 3 7 11 14 15 16 17 18 | 18.4
Throwing       | 5 8 |  8.8
Spellcasting   | 3 |  3.5
Crossbows      | |  1.5

Action                   |  1- 3 |  4- 6 |  7- 9 | 10-12 | 13-15 | 16-18 | 19-21 | 22-24 || total
-------------------------+-------+-------+-------+-------+-------+-------+-------+-------++-------
Melee: Unarmed           |       |   237 |   235 |   832 |  1782 |  1885 |  2282 |   117 ||  7370
       Punch             |       |     3 |    14 |    34 |   102 |       |       |       ||   153
 Fire: Hand crossbow     |    78 |    39 |       |       |       |       |       |       ||   117
Throw: Throwing net      |       |       |       |     3 |       |       |       |       ||     3
Invok: Reject Sacrifices |       |       |       |     1 |     1 |       |       |       ||     2
       Sacrifice Skill   |       |       |       |     1 |       |       |       |       ||     1
       Sacrifice Artific |       |       |       |       |     1 |       |       |       ||     1
       Sacrifice Arcana  |       |       |       |       |     1 |       |       |       ||     1
       Sacrifice Purity  |       |       |       |       |     1 |       |       |       ||     1
       Sacrifice Love    |       |       |       |       |     1 |       |       |       ||     1
       Apocalypse        |       |       |       |       |     2 |     2 |     3 |     1 ||     8
       Power Leap        |       |       |       |       |       |     1 |     2 |       ||     3
       Sacrifice Essence |       |       |       |       |       |     1 |       |       ||     1
       Draw Out Power    |       |       |       |       |       |       |       |     1 ||     1
Evoke: Lightning rod     |       |       |       |     5 |       |       |       |       ||     5
       Phial of floods   |       |       |       |     1 |       |       |       |       ||     1
  Use: Scroll            |       |    11 |       |     8 |    11 |     5 |     9 |     6 ||    50
       Potion            |       |     2 |     2 |     1 |       |       |     3 |     1 ||     9
 Stab: Held in net/web   |       |       |       |     3 |       |       |       |       ||     3
       Distracted        |       |       |       |       |     5 |     5 |    13 |     2 ||    25
       Paralysed         |       |       |       |       |    14 |    16 |    19 |     1 ||    50
       Invisible         |       |       |       |       |     4 |    25 |    15 |       ||    44
       Confused          |       |       |       |       |     2 |       |       |       ||     2
  Eat: Chunk             |     3 |     7 |    27 |    36 |    74 |    56 |    72 |     5 ||   280
Armor: Ring mail         |     1 |       |       |       |       |       |       |       ||     1
       Chain mail        |    27 |   171 |    89 |    44 |       |       |       |       ||   331
       Plate armour      |       |       |       |   186 |   660 |   309 |   262 |    24 ||  1441
Dodge: Dodged            |    18 |    81 |   133 |   455 |  1330 |   555 |   439 |    17 ||  3028
       Repelled          |       |       |       |     5 |    34 |    76 |    28 |     2 ||   145
Block: Other             |       |       |    12 |       |       |       |       |       ||    12
       Kite shield       |       |       |       |       |   181 |   290 |       |       ||   471
       Tower shield      |       |       |       |       |       |  1207 |  1652 |    92 ||  2951
       Reflection        |       |       |       |       |       |     7 |       |    12 ||    19
